CHICAGO vs TORONTO

Created - May-12-21 at 18:10

Goals
1 2 3 T
CHICAGO 1 0 1 2
TORONTO 0 2 1 3
Shots
1 2 3 T
CHICAGO 2 6 13 21
TORONTO 12 19 7 38

1st period

1. CHICAGO , Michael Del Zotto 3 (Adam Gaudette 3, Brandon Sutter 21) at 11:57

Penalties :
Michael Del Zotto (CHI) for High sticking (Minor) at 0:21, Brady Tkachuk (TOR) for Holding (Minor) at 12:39

2nd period

2. TORONTO , Joe Pavelski 20 (Ondrej Palat 30, Jordie Benn 11) at 0:32
3. TORONTO , Nick Suzuki 10 (Alex Pietrangelo 30, Oskar Lindblom 12) at 16:29 (PP)

Penalties :
Mark Scheifele (TOR) for Hooking (Minor) at 8:50, James Reimer (CHI) for Slashing (Minor) at 11:00 - Brandon Sutter served the penalty., Tucker Poolman (CHI) for Slashing (Minor) at 13:09, Haydn Fleury (CHI) for Hooking (Minor) at 15:25

3rd period

4. CHICAGO , Cody Eakin 16 (Gustav Nyquist 25, Tyson Barrie 37) at 14:28 (PP)
5. TORONTO , Joe Pavelski 21 (Ondrej Palat 31, Nick Suzuki 14) at 17:33

Penalties :
Kevin Shattenkirk (TOR) for Tripping (Minor) at 0:16, Trevor Daley (TOR) for Delaying the game (Minor) at 13:14

Goalie Stats

James Reimer (CHI), 35 saves from 38 shots - (0.921), L, 15-31-7, 59:16 minutes
Thomas Greiss (TOR), 19 saves from 21 shots - (0.905), W, 11-1-1, 60:00 minutes

Players Stats for CHICAGO

Player Name              G  A  P  +/- PIM S  H  SB GA TA FO     MP     PP MP  PK MP  
------------------------------------------------------------------------------------
Adam Gaudette            0  1  1   1  0   0  0  0  0  0  0/0    12:19   0:00   0:22 
Brandon Sutter           0  1  1   1  0   0  0  0  0  0  3/6    12:15   0:18   0:00 
Brendan Perlini          0  0  0   0  0   1  0  0  0  0  0/0     5:47   0:00   0:08 
Cody Eakin               1  0  1   0  0   3  2  0  0  0  1/2    20:16   3:34   2:32 
Cory Conacher            0  0  0   0  0   0  0  0  0  0  3/4     5:39   0:00   0:00 
Dylan Sikura             0  0  0   0  0   0  0  0  0  0  0/1     5:39   0:00   0:00 
Erik Haula               0  0  0  -2  0   2  0  0  0  0  0/1    17:21   3:19   0:00 
Frans Nielsen            0  0  0  -2  0   0  0  0  0  0  14/30  19:53   3:19   2:32 
Gustav Nyquist           0  1  1   0  0   3  2  0  0  0  3/9    22:23   3:52   4:21 
Haydn Fleury             0  0  0   0  2   0  0  1  0  0  0/0    13:31   0:25   0:44 
Mark Pysyk               0  0  0  -2  0   1  2  1  0  0  0/0    22:03   3:13   3:42 
Michael Del Zotto        1  0  1   1  2   1  1  2  0  0  0/0    23:27   3:15   2:35 
Mikkel Boedker           0  0  0   1  0   0  0  0  0  0  1/1    11:57   0:00   0:00 
Milan Lucic              0  0  0  -2  0   1  1  1  0  0  0/0    17:21   3:19   0:00 
Travis Dermott           0  0  0  -2  0   4  0  2  0  0  0/0    22:03   3:13   3:42 
Tucker Poolman           0  0  0   0  2   2  2  1  0  0  0/0    13:44   0:43   0:00 
Tyler Bozak              0  0  0   0  0   1  1  0  0  0  15/29  22:09   3:52   4:07 
Tyson Barrie             0  1  1   1  0   2  0  2  0  0  0/0    25:09   3:33   3:19 

Players Stats for TORONTO

Player Name              G  A  P  +/- PIM S  H  SB GA TA FO     MP     PP MP  PK MP  
------------------------------------------------------------------------------------
Alex Pietrangelo         0  1  1  -1  0   3  0  2  0  0  0/0    25:14   3:14   3:58 
Brady Tkachuk            0  0  0   0  2   2  6  2  0  0  3/4    20:32   3:40   1:29 
Brayden Point            0  0  0   0  0   6  0  0  0  0  1/1    23:59   3:40   4:55 
Christian Fischer        0  0  0   0  0   0  0  0  0  0  0/1     7:09   0:00   0:00 
Ethan Bear               0  0  0   0  0   1  0  1  0  0  0/0    17:35   0:00   3:58 
Joe Pavelski             2  0  2   2  0   4  1  0  0  0  14/21  19:00   3:48   2:36 
Jordan Martinook         0  0  0   0  0   0  0  0  0  0  1/5     7:09   0:00   0:00 
Jordie Benn              0  1  1   2  0   2  2  0  0  0  0/0    15:08   0:00   0:59 
Josh Morrissey           0  0  0   0  0   5  2  1  0  0  0/0    22:28   3:47   3:13 
Kevin Shattenkirk        0  0  0  -1  2   2  4  1  0  0  0/0    22:11   3:47   2:14 
Kyle Turris              0  0  0  -1  0   0  1  1  0  0  8/12   10:39   0:00   0:00 
Mark Scheifele           0  0  0   0  2   4  0  0  0  0  13/31  22:44   3:40   3:41 
Nick Suzuki              1  1  2   2  0   3  0  0  0  0  0/2    15:57   3:21   0:00 
Ondrej Palat             0  2  2   2  0   1  1  0  0  0  0/0    15:57   3:21   0:00 
Oskar Lindblom           0  1  1  -1  0   3  1  0  0  0  2/4    13:26   2:47   0:00 
Richard Panik            0  0  0  -1  0   2  0  0  0  0  1/1    12:20   0:00   1:41 
Ryan Reaves              0  0  0   0  0   0  0  0  0  0  0/1     7:09   0:00   0:00 
Trevor Daley             0  0  0   2  2   0  0  1  0  0  0/0    14:08   0:00   0:00 

3 Stars

1 - Joe Pavelski (TOR)
2 - Nick Suzuki (TOR)
3 - Ondrej Palat (TOR)

Power Play

CHICAGO - 1 on 4 Attempt(s) - 25.00%
TORONTO - 1 on 4 Attempt(s) - 25.00%

Penalty Kill

CHICAGO - 3 on 4 Attempt(s) - 75.00% - Score 0 goal in Penalty Kill
TORONTO - 3 on 4 Attempt(s) - 75.00% - Score 0 goal in Penalty Kill

Team Stat

CHICAGO - Hits : 11 - Faceoff Wins : 40 - Blocked Shots : 10 - Penalty Minutes : 8
TORONTO - Hits : 18 - Faceoff Wins : 43 - Blocked Shots : 9 - Penalty Minutes : 8

Official

Referees : Adam Buckingham and Scott Madl
Linesman : Derek Wahl and Jesse Marquis

Game Notes

No Game Note

Finance

Level 1 -- Attendance: 6000 (100.00%) -- Ticket Income $408,000
Level 2 -- Attendance: 4894 (97.88%) -- Ticket Income $269,170
Level 3 -- Attendance: 2000 (100.00%) -- Ticket Income $62,000
Level 4 -- Attendance: 2692 (67.30%) -- Ticket Income $59,224
Luxury Box -- Attendance: 1000 (100.00%) -- Ticket Income $135,000
Game was played at the Air Canada Center.
Total Attendance: 16586 (92.14%)
Total Ticket Income: $933,394
Total Income: $933,394

CHICAGO

5 vs 5 Forward 
   Center                   Left Wing                Right Wing               Time % Phy DF OF 
 1 Tyler Bozak              Cody Eakin               Gustav Nyquist           35     1   2  2  
 2 Frans Nielsen            Erik Haula               Milan Lucic              30     1   2  2  
 3 Brandon Sutter           Mikkel Boedker           Adam Gaudette            25     1   2  2  
 4 Cory Conacher            Brendan Perlini          Dylan Sikura             10     1   2  2  

5 vs 5 Defense 
   Defense                  Defense                                           Time % Phy DF OF 
 1 Tyson Barrie             Michael Del Zotto                                 35     1   2  2  
 2 Mark Pysyk               Travis Dermott                                    30     1   2  2  
 3 Tucker Poolman           Haydn Fleury                                      25     1   2  2  
 4 Tyson Barrie             Michael Del Zotto                                 10     1   2  2  

PowerPlay Forward 
   Center                   Left Wing                Right Wing               Time % Phy DF OF 
 1 Tyler Bozak              Cody Eakin               Gustav Nyquist           60     1   2  2  
 2 Frans Nielsen            Erik Haula               Milan Lucic              40     1   2  2  

PowerPlay Defense
   Defense                  Defense                                           Time % Phy DF OF 
 1 Tyson Barrie             Michael Del Zotto                                 60     1   2  2  
 2 Mark Pysyk               Travis Dermott                                    40     1   2  2  

Penalty Kill 4 Players Forward 
   Center                   Wing                     Time % Phy DF OF 
 1 Gustav Nyquist           Tyler Bozak              60     1   2  2  
 2 Frans Nielsen            Cody Eakin               40     1   2  2  

Penalty Kill 4 Players Defense
   Defense                  Defense                  Time % Phy DF OF 
 1 Tyson Barrie             Michael Del Zotto        60     1   2  2  
 2 Mark Pysyk               Travis Dermott           40     1   2  2  

Penalty Kill - 3 Players Forward 
   Forward                                           Time % Phy DF OF 
 1 Gustav Nyquist                                    60     1   2  2  
 2 Tyler Bozak                                       40     1   2  2  

Penalty Kill - 3 Players Defense
   Defense                  Defense                  Time % Phy DF OF 
 1 Tyson Barrie             Michael Del Zotto        60     1   2  2  
 2 Mark Pysyk               Travis Dermott           40     1   2  2  

4 vs 4 Forward 
   Center                   Wing                     Time % Phy DF OF 
 1 Gustav Nyquist           Tyler Bozak              60     1   2  2  
 2 Frans Nielsen            Cody Eakin               40     1   2  2  

4 vs 4 Defense
   Defense                  Defense                  Time % Phy DF OF 
 1 Tyson Barrie             Michael Del Zotto        60     1   2  2  
 2 Mark Pysyk               Travis Dermott           40     1   2  2  

Last Minutes Offensive
   Center                   Left Wing                Right Wing               Defense                  Defense                  
   Tyler Bozak              Cody Eakin               Gustav Nyquist           Tyson Barrie             Michael Del Zotto        

Last Minutes Defensive
   Center                   Left Wing                Right Wing               Defense                  Defense                  
   Tyler Bozak              Cody Eakin               Gustav Nyquist           Tyson Barrie             Michael Del Zotto        

Goaltenders
Starting : James Reimer             
Backup : Cory Schneider           

Extra Forwards
Normal : Brandon Sutter, Mikkel Boedker, Adam Gaudette - PP : Brandon Sutter, Mikkel Boedker - PK : Adam Gaudette
Extra Defensemen
Normal : Tucker Poolman, Haydn Fleury, Mark Pysyk - PP : Tucker Poolman - PK : Haydn Fleury, Mark Pysyk
Penalty Shots
Gustav Nyquist, Tyler Bozak, Frans Nielsen, Cody Eakin, Milan Lucic

Scratches
Sean Walker (Healthy), Mason Appleton (Healthy), CHI Cap Hit (Suspend), Sven Baertschi (Bruised Left Arm Injury), Nikita Nesterov (Healthy)

TORONTO

5 vs 5 Forward 
   Center                   Left Wing                Right Wing               Time % Phy DF OF 
 1 Mark Scheifele           Brady Tkachuk            Brayden Point            35     0   2  3  
 2 Joe Pavelski             Ondrej Palat             Nick Suzuki              30     0   2  3  
 3 Kyle Turris              Oskar Lindblom           Richard Panik            25     0   2  3  
 4 Jordan Martinook         Christian Fischer        Ryan Reaves              10     2   2  1  

5 vs 5 Defense 
   Defense                  Defense                                           Time % Phy DF OF 
 1 Alex Pietrangelo         Kevin Shattenkirk                                 35     0   3  2  
 2 Josh Morrissey           Ethan Bear                                        30     0   3  2  
 3 Trevor Daley             Jordie Benn                                       25     1   4  0  
 4 Alex Pietrangelo         Josh Morrissey                                    10     1   2  2  

PowerPlay Forward 
   Center                   Left Wing                Right Wing               Time % Phy DF OF 
 1 Mark Scheifele           Brady Tkachuk            Brayden Point            60     0   1  4  
 2 Joe Pavelski             Ondrej Palat             Nick Suzuki              40     0   1  4  

PowerPlay Defense
   Defense                  Defense                                           Time % Phy DF OF 
 1 Joe Pavelski             Alex Pietrangelo                                  60     0   2  3  
 2 Josh Morrissey           Kevin Shattenkirk                                 40     0   2  3  

Penalty Kill 4 Players Forward 
   Center                   Wing                     Time % Phy DF OF 
 1 Mark Scheifele           Brayden Point            60     0   4  1  
 2 Joe Pavelski             Brady Tkachuk            40     0   4  1  

Penalty Kill 4 Players Defense
   Defense                  Defense                  Time % Phy DF OF 
 1 Alex Pietrangelo         Ethan Bear               60     0   4  1  
 2 Josh Morrissey           Kevin Shattenkirk        40     0   4  1  

Penalty Kill - 3 Players Forward 
   Forward                                           Time % Phy DF OF 
 1 Mark Scheifele                                    60     0   5  0  
 2 Brayden Point                                     40     0   5  0  

Penalty Kill - 3 Players Defense
   Defense                  Defense                  Time % Phy DF OF 
 1 Alex Pietrangelo         Ethan Bear               60     0   5  0  
 2 Josh Morrissey           Kevin Shattenkirk        40     0   5  0  

4 vs 4 Forward 
   Center                   Wing                     Time % Phy DF OF 
 1 Mark Scheifele           Brayden Point            60     1   2  2  
 2 Joe Pavelski             Brady Tkachuk            40     1   2  2  

4 vs 4 Defense
   Defense                  Defense                  Time % Phy DF OF 
 1 Alex Pietrangelo         Ethan Bear               60     1   2  2  
 2 Josh Morrissey           Kevin Shattenkirk        40     1   2  2  

Last Minutes Offensive
   Center                   Left Wing                Right Wing               Defense                  Defense                  
   Mark Scheifele           Brady Tkachuk            Brayden Point            Alex Pietrangelo         Josh Morrissey           

Last Minutes Defensive
   Center                   Left Wing                Right Wing               Defense                  Defense                  
   Mark Scheifele           Brady Tkachuk            Brayden Point            Alex Pietrangelo         Josh Morrissey           

Goaltenders
Starting : Thomas Greiss            
Backup : Jonathan Quick           

Extra Forwards
Normal : Nick Suzuki, Oskar Lindblom, Richard Panik - PP : Nick Suzuki, Oskar Lindblom - PK : Richard Panik
Extra Defensemen
Normal : Ethan Bear, Jordie Benn, Josh Morrissey - PP : Ethan Bear - PK : Jordie Benn, Josh Morrissey
Penalty Shots
Mark Scheifele, Brayden Point, Joe Pavelski, Brady Tkachuk, Ondrej Palat

Scratches
TOR Cap Hit (Suspend)

% Time on Ice - CHICAGO

Lines # - Real PCT - Wanted PCT - Time Play
Normal Forward
1 - 31% - 35% - 14:10
2 - 31% - 30% - 14:02
3 - 25% - 25% - 11:18
4 - 13% - 10% - 5:39
Normal Defense
1 - 36% - 35% - 16:06
2 - 34% - 30% - 15:08
3 - 27% - 25% - 12:23
4 - 3% - 10% - 1:32
PP Forward
1 - 54% - 60% - 3:52
2 - 46% - 40% - 3:19
PP Defense
1 - 49% - 60% - 3:33
2 - 51% - 40% - 3:38
PK Forward
1 - 64% - 60% - 4:29
2 - 36% - 40% - 2:32
PK Defense
1 - 47% - 60% - 3:19
2 - 53% - 40% - 3:42
PK3 Forward
1 - 0% - 60%
2 - 0% - 40%
PK3 Defense
1 - 0% - 60%
2 - 0% - 40%
44 Forward
1 - 0% - 60%
2 - 0% - 40%
44 Defense
1 - 0% - 60%
2 - 0% - 40%
Last Minute Offensive  - 0:39
Last Minute Defensive  - 0:00
Total
Forward - 60:00
Defense - 60:00

% Time on Ice - TORONTO

Lines # - Real PCT - Wanted PCT - Time Play
Normal Forward
1 - 32% - 35% - 14:31
2 - 28% - 30% - 12:36
3 - 24% - 25% - 10:39
4 - 16% - 10% - 7:09
Normal Defense
1 - 36% - 35% - 16:11
2 - 30% - 30% - 13:37
3 - 32% - 25% - 14:09
4 - 2% - 10% - 0:58
PP Forward
1 - 52% - 60% - 3:40
2 - 48% - 40% - 3:21
PP Defense
1 - 46% - 60% - 3:14
2 - 54% - 40% - 3:47
PK Forward
1 - 75% - 60% - 5:22
2 - 25% - 40% - 1:49
PK Defense
1 - 55% - 60% - 3:58
2 - 45% - 40% - 3:13
PK3 Forward
1 - 0% - 60%
2 - 0% - 40%
PK3 Defense
1 - 0% - 60%
2 - 0% - 40%
44 Forward
1 - 0% - 60%
2 - 0% - 40%
44 Defense
1 - 0% - 60%
2 - 0% - 40%
Last Minute Offensive  - 0:00
Last Minute Defensive  - 0:53
Total
Forward - 60:00
Defense - 60:00

Play-by-Play

1st period


0:01 of 1st period - Brayden Point wins face-off versus Tyler Bozak in neutral zone.
0:21 of 1st period - Minor Penalty to Michael Del Zotto for High sticking.
0:22 of 1st period - Gustav Nyquist wins face-off versus Oskar Lindblom in CHICAGO zone.
1:12 of 1st period - Icing by Brady Tkachuk.
1:13 of 1st period - Mark Scheifele wins face-off versus Gustav Nyquist in TORONTO zone.
1:26 of 1st period - Icing by Josh Morrissey.
1:27 of 1st period - Mark Scheifele wins face-off versus Gustav Nyquist in TORONTO zone.
1:38 of 1st period - Shot by Kevin Shattenkirk.
1:38 of 1st period - Shot Blocked by Travis Dermott.
1:40 of 1st period - Shot by Kevin Shattenkirk.
1:40 of 1st period - Shot Misses the Net.
1:42 of 1st period - Shot by Kevin Shattenkirk.
1:42 of 1st period - Stopped by James Reimer with a rebound.
1:44 of 1st period - Shot by Brayden Point.
1:44 of 1st period - Shot Misses the Net.
1:46 of 1st period - Shot by Josh Morrissey.
1:46 of 1st period - Deflect By Mark Scheifele.
1:46 of 1st period - Shot Misses the Net.
1:56 of 1st period - Shot by Brady Tkachuk.
1:56 of 1st period - Stopped by James Reimer with a rebound.
2:20 of 1st period - Shot by Ondrej Palat.
2:20 of 1st period - Deflect By Oskar Lindblom.
2:20 of 1st period - Shot Misses the Net.
3:59 of 1st period - Icing by Brandon Sutter.
4:00 of 1st period - Brandon Sutter wins face-off versus Mark Scheifele in CHICAGO zone.
4:00 of 1st period - Tyson Barrie is hit by Brady Tkachuk and loses puck.
4:09 of 1st period - Shot by Brayden Point.
4:09 of 1st period - Stopped by James Reimer with a rebound.
4:11 of 1st period - Shot by Brady Tkachuk.
4:11 of 1st period - Shot Misses the Net.
4:17 of 1st period - Shot by Brayden Point.
4:17 of 1st period - Stopped by James Reimer without a rebound.
4:18 of 1st period - Tyler Bozak wins face-off versus Kyle Turris in CHICAGO zone.
4:20 of 1st period - Icing by Cody Eakin.
4:21 of 1st period - Kyle Turris wins face-off versus Tyler Bozak in CHICAGO zone.
4:31 of 1st period - Shot by Richard Panik.
4:31 of 1st period - Stopped by James Reimer without a rebound.
4:32 of 1st period - Mark Scheifele wins face-off versus Frans Nielsen in CHICAGO zone.
4:33 of 1st period - Shot by Brady Tkachuk.
4:33 of 1st period - Shot Blocked by Milan Lucic.
4:37 of 1st period - Shot by Mark Scheifele.
4:37 of 1st period - Shot Misses the Net.
4:39 of 1st period - Shot by Brayden Point.
4:39 of 1st period - Stopped by James Reimer with a rebound.
4:43 of 1st period - Shot by Mark Scheifele.
4:43 of 1st period - Stopped by James Reimer with a rebound.
5:34 of 1st period - Shot by Cody Eakin.
5:34 of 1st period - Shot Blocked by Alex Pietrangelo.
6:06 of 1st period - Icing by Dylan Sikura.
6:07 of 1st period - Joe Pavelski wins face-off versus Cory Conacher in CHICAGO zone.
6:22 of 1st period - Shot by Joe Pavelski.
6:22 of 1st period - Shot Misses the Net.
6:34 of 1st period - Shot by Joe Pavelski.
6:34 of 1st period - Stopped by James Reimer with a rebound.
6:36 of 1st period - Shot by Josh Morrissey.
6:36 of 1st period - Stopped by James Reimer without a rebound.
6:37 of 1st period - Frans Nielsen wins face-off versus Jordan Martinook in CHICAGO zone.
7:49 of 1st period - Gustav Nyquist is hit by Josh Morrissey and loses puck.
10:05 of 1st period - Icing by Tyson Barrie.
10:06 of 1st period - Frans Nielsen wins face-off versus Jordan Martinook in CHICAGO zone.
10:34 of 1st period - Icing by Josh Morrissey.
10:35 of 1st period - Tyler Bozak wins face-off versus Jordan Martinook in TORONTO zone.
11:12 of 1st period - Jordie Benn is hit by Cody Eakin.
11:27 of 1st period - Off-side.
11:28 of 1st period - Brady Tkachuk wins face-off versus Frans Nielsen in neutral zone.
11:33 of 1st period - Shot by Mark Scheifele.
11:33 of 1st period - Deflect By Brayden Point.
11:33 of 1st period - Stopped by James Reimer without a rebound.
11:34 of 1st period - Kyle Turris wins face-off versus Brandon Sutter in CHICAGO zone.
11:53 of 1st period - Shot by Brandon Sutter.
11:53 of 1st period - Shot Blocked by Kyle Turris.
11:55 of 1st period - Shot by Adam Gaudette.
11:55 of 1st period - Shot Misses the Net.
11:57 of 1st period - Shot by Michael Del Zotto.
11:57 of 1st period - Goal by Michael Del Zotto - CHICAGO : 1 - TORONTO : 0.
11:58 of 1st period - Mark Scheifele wins face-off versus Frans Nielsen in neutral zone.
12:10 of 1st period - Frans Nielsen is hit by Jordie Benn and loses puck.
12:39 of 1st period - Minor Penalty to Brady Tkachuk for Holding.
12:40 of 1st period - Tyler Bozak wins face-off versus Mark Scheifele in TORONTO zone.
13:35 of 1st period - Icing by Mark Pysyk.
13:36 of 1st period - Joe Pavelski wins face-off versus Frans Nielsen in CHICAGO zone.
13:44 of 1st period - Icing by Mark Pysyk.
13:45 of 1st period - Joe Pavelski wins face-off versus Frans Nielsen in CHICAGO zone.
13:57 of 1st period - Shot by Richard Panik.
13:57 of 1st period - Stopped by James Reimer without a rebound.
13:58 of 1st period - Joe Pavelski wins face-off versus Tyler Bozak in CHICAGO zone.
14:17 of 1st period - Shot by Tyson Barrie.
14:17 of 1st period - Shot Misses the Net.
14:19 of 1st period - Shot by Tyson Barrie.
14:19 of 1st period - Stopped by Thomas Greiss without a rebound.
14:20 of 1st period - Frans Nielsen wins face-off versus Mark Scheifele in TORONTO zone.
14:34 of 1st period - Off-side.
14:35 of 1st period - Tyler Bozak wins face-off versus Mark Scheifele in neutral zone.
15:38 of 1st period - Oskar Lindblom is hit by Cody Eakin and loses puck.
17:00 of 1st period - Mark Scheifele is hit by Mark Pysyk and loses puck.
18:06 of 1st period - Shot by Brandon Sutter.
18:06 of 1st period - Shot Misses the Net.
18:08 of 1st period - Shot by Brandon Sutter.
18:08 of 1st period - Shot Blocked by Trevor Daley.
18:16 of 1st period - Shot by Brandon Sutter.
18:16 of 1st period - Shot Misses the Net.
19:29 of 1st period - Josh Morrissey is hit by Gustav Nyquist and loses puck.
19:42 of 1st period - Shot by Mark Scheifele.
19:42 of 1st period - Stopped by James Reimer without a rebound.
19:43 of 1st period - Kyle Turris wins face-off versus Frans Nielsen in CHICAGO zone.
Goals for this period are 1 for CHICAGO vs 0 for TORONTO.
Shots for this period are 2 for CHICAGO vs 12 for TORONTO.

2nd period


0:01 of 2nd period - Cody Eakin wins face-off versus Mark Scheifele in neutral zone.
0:22 of 2nd period - Shot by Brayden Point.
0:22 of 2nd period - Shot Blocked by Tyson Barrie.
0:24 of 2nd period - Shot by Mark Scheifele.
0:24 of 2nd period - Stopped by James Reimer without a rebound.
0:25 of 2nd period - Joe Pavelski wins face-off versus Frans Nielsen in CHICAGO zone.
0:32 of 2nd period - Shot by Joe Pavelski.
0:32 of 2nd period - Goal by Joe Pavelski - CHICAGO : 1 - TORONTO : 1.
0:33 of 2nd period - Frans Nielsen wins face-off versus Joe Pavelski in neutral zone.
0:57 of 2nd period - Icing by Ondrej Palat.
0:58 of 2nd period - Joe Pavelski wins face-off versus Tyler Bozak in TORONTO zone.
1:56 of 2nd period - Shot by Milan Lucic.
1:56 of 2nd period - Stopped by Thomas Greiss without a rebound.
1:57 of 2nd period - Kyle Turris wins face-off versus Brandon Sutter in TORONTO zone.
2:12 of 2nd period - Shot by Kyle Turris.
2:12 of 2nd period - Shot Blocked by Haydn Fleury.
2:14 of 2nd period - Shot by Oskar Lindblom.
2:14 of 2nd period - Shot Misses the Net.
2:16 of 2nd period - Shot by Jordie Benn.
2:16 of 2nd period - Stopped by James Reimer without a rebound.
2:17 of 2nd period - Frans Nielsen wins face-off versus Jordan Martinook in CHICAGO zone.
2:31 of 2nd period - Icing by Travis Dermott.
2:32 of 2nd period - Frans Nielsen wins face-off versus Mark Scheifele in CHICAGO zone.
2:32 of 2nd period - Frans Nielsen is hit by Brady Tkachuk.
3:26 of 2nd period - Icing by Mark Pysyk.
3:27 of 2nd period - Kyle Turris wins face-off versus Frans Nielsen in CHICAGO zone.
3:30 of 2nd period - Shot by Oskar Lindblom.
3:30 of 2nd period - Stopped by James Reimer without a rebound.
3:31 of 2nd period - Kyle Turris wins face-off versus Tyler Bozak in CHICAGO zone.
3:31 of 2nd period - Kyle Turris is hit by Michael Del Zotto.
3:35 of 2nd period - Shot by Josh Morrissey.
3:35 of 2nd period - Stopped by James Reimer without a rebound.
3:36 of 2nd period - Tyler Bozak wins face-off versus Nick Suzuki in CHICAGO zone.
4:12 of 2nd period - Icing by Michael Del Zotto.
4:13 of 2nd period - Tyler Bozak wins face-off versus Kyle Turris in CHICAGO zone.
4:38 of 2nd period - Shot by Josh Morrissey.
4:38 of 2nd period - Stopped by James Reimer with a rebound.
5:02 of 2nd period - Mikkel Boedker is hit by Brady Tkachuk and loses puck.
5:12 of 2nd period - Brayden Point is hit by Tucker Poolman and loses puck.
5:59 of 2nd period - Shot by Joe Pavelski.
5:59 of 2nd period - Shot Blocked by Travis Dermott.
6:11 of 2nd period - Shot by Joe Pavelski.
6:11 of 2nd period - Shot Misses the Net.
7:03 of 2nd period - Shot by Jordan Martinook.
7:03 of 2nd period - Shot Misses the Net.
7:11 of 2nd period - Shot by Christian Fischer.
7:11 of 2nd period - Shot Misses the Net.
7:13 of 2nd period - Shot by Ethan Bear.
7:13 of 2nd period - Shot Misses the Net.
7:15 of 2nd period - Shot by Josh Morrissey.
7:15 of 2nd period - Stopped by James Reimer with a rebound.
7:17 of 2nd period - Shot by Jordan Martinook.
7:17 of 2nd period - Shot Blocked by Michael Del Zotto.
7:44 of 2nd period - Brendan Perlini is hit by Kyle Turris and loses puck.
8:19 of 2nd period - Shot by Brady Tkachuk.
8:19 of 2nd period - Shot Misses the Net.
8:31 of 2nd period - Shot by Mark Scheifele.
8:31 of 2nd period - Shot Blocked by Michael Del Zotto.
8:50 of 2nd period - Minor Penalty to Mark Scheifele for Hooking.
8:51 of 2nd period - Joe Pavelski wins face-off versus Tyler Bozak in TORONTO zone.
9:15 of 2nd period - Shot by Cody Eakin.
9:15 of 2nd period - Stopped by Thomas Greiss without a rebound.
9:16 of 2nd period - Richard Panik wins face-off versus Tyler Bozak in TORONTO zone.
10:07 of 2nd period - Shot by Tyson Barrie.
10:07 of 2nd period - Shot Misses the Net.
10:09 of 2nd period - Shot by Erik Haula.
10:09 of 2nd period - Stopped by Thomas Greiss without a rebound.
10:10 of 2nd period - Tyler Bozak wins face-off versus Joe Pavelski in TORONTO zone.
10:17 of 2nd period - Shot by Gustav Nyquist.
10:17 of 2nd period - Shot Misses the Net.
10:25 of 2nd period - Shot by Gustav Nyquist.
10:25 of 2nd period - Shot Blocked by Josh Morrissey.
10:27 of 2nd period - Shot by Tyler Bozak.
10:27 of 2nd period - Stopped by Thomas Greiss without a rebound.
10:28 of 2nd period - Frans Nielsen wins face-off versus Joe Pavelski in TORONTO zone.
10:44 of 2nd period - Icing by Travis Dermott.
10:45 of 2nd period - Joe Pavelski wins face-off versus Erik Haula in CHICAGO zone.
10:58 of 2nd period - Shot by Ryan Reaves.
10:58 of 2nd period - Shot Blocked by Tucker Poolman.
11:00 of 2nd period - Shot by Jordie Benn.
11:00 of 2nd period - Stopped by James Reimer without a rebound.
11:00 of 2nd period - Minor Penalty to James Reimer for Slashing.
11:01 of 2nd period - Gustav Nyquist wins face-off versus Nick Suzuki in CHICAGO zone.
11:14 of 2nd period - Shot by Nick Suzuki.
11:14 of 2nd period - Shot Blocked by Tyson Barrie.
11:16 of 2nd period - Shot by Nick Suzuki.
11:16 of 2nd period - Shot Misses the Net.
11:18 of 2nd period - Shot by Kevin Shattenkirk.
11:18 of 2nd period - Stopped by James Reimer without a rebound.
11:19 of 2nd period - Mark Scheifele wins face-off versus Gustav Nyquist in CHICAGO zone.
11:20 of 2nd period - Shot by Brady Tkachuk.
11:20 of 2nd period - Stopped by James Reimer without a rebound.
11:21 of 2nd period - Mark Scheifele wins face-off versus Gustav Nyquist in CHICAGO zone.
12:11 of 2nd period - Shot by Josh Morrissey.
12:11 of 2nd period - Shot Misses the Net.
12:21 of 2nd period - Shot by Josh Morrissey.
12:21 of 2nd period - Stopped by James Reimer without a rebound.
12:22 of 2nd period - Joe Pavelski wins face-off versus Tyler Bozak in CHICAGO zone.
12:37 of 2nd period - Shot by Nick Suzuki.
12:37 of 2nd period - Stopped by James Reimer without a rebound.
12:38 of 2nd period - Frans Nielsen wins face-off versus Mark Scheifele in CHICAGO zone.
13:09 of 2nd period - Shot by Kyle Turris.
13:09 of 2nd period - Deflect By Oskar Lindblom.
13:09 of 2nd period - Stopped by James Reimer without a rebound.
13:09 of 2nd period - Minor Penalty to Tucker Poolman for Slashing.
13:10 of 2nd period - Oskar Lindblom wins face-off versus Frans Nielsen in CHICAGO zone.
13:11 of 2nd period - Shot by Alex Pietrangelo.
13:11 of 2nd period - Stopped by James Reimer with a rebound.
13:27 of 2nd period - Shot by Nick Suzuki.
13:27 of 2nd period - Stopped by James Reimer with a rebound.
13:37 of 2nd period - Shot by Ondrej Palat.
13:37 of 2nd period - Shot Misses the Net.
13:39 of 2nd period - Shot by Alex Pietrangelo.
13:39 of 2nd period - Stopped by James Reimer without a rebound.
13:40 of 2nd period - Gustav Nyquist wins face-off versus Mark Scheifele in CHICAGO zone.
14:14 of 2nd period - Frans Nielsen is hit by Brady Tkachuk.
14:28 of 2nd period - Shot by Gustav Nyquist.
14:28 of 2nd period - Stopped by Thomas Greiss without a rebound.
14:29 of 2nd period - Oskar Lindblom wins face-off versus Gustav Nyquist in TORONTO zone.
15:25 of 2nd period - Minor Penalty to Haydn Fleury for Hooking.
15:26 of 2nd period - Mark Scheifele wins face-off versus Gustav Nyquist in CHICAGO zone.
16:16 of 2nd period - Shot by Alex Pietrangelo.
16:16 of 2nd period - Stopped by James Reimer with a rebound.
16:18 of 2nd period - Shot by Alex Pietrangelo.
16:18 of 2nd period - Shot Hit the Post.
16:20 of 2nd period - Shot by Ondrej Palat.
16:20 of 2nd period - Stopped by James Reimer without a rebound.
16:21 of 2nd period - Frans Nielsen wins face-off versus Oskar Lindblom in CHICAGO zone.
16:29 of 2nd period - Shot by Nick Suzuki.
16:29 of 2nd period - Goal by Nick Suzuki - CHICAGO : 1 - TORONTO : 2.
16:30 of 2nd period - Mikkel Boedker wins face-off versus Christian Fischer in neutral zone.
17:34 of 2nd period - Milan Lucic is hit by Kevin Shattenkirk.
17:55 of 2nd period - Icing by Kevin Shattenkirk.
17:56 of 2nd period - Cory Conacher wins face-off versus Mark Scheifele in TORONTO zone.
18:11 of 2nd period - Shot by Brady Tkachuk.
18:11 of 2nd period - Deflect By Brayden Point.
18:11 of 2nd period - Shot Misses the Net.
18:20 of 2nd period - Shot by Dylan Sikura.
18:20 of 2nd period - Shot Blocked by Brady Tkachuk.
18:22 of 2nd period - Shot by Brendan Perlini.
18:22 of 2nd period - Shot Blocked by Kevin Shattenkirk.
18:24 of 2nd period - Shot by Brendan Perlini.
18:24 of 2nd period - Stopped by Thomas Greiss without a rebound.
18:25 of 2nd period - Tyler Bozak wins face-off versus Joe Pavelski in TORONTO zone.
18:40 of 2nd period - Shot by Cody Eakin.
18:40 of 2nd period - Shot Misses the Net.
19:00 of 2nd period - Shot by Gustav Nyquist.
19:00 of 2nd period - Shot Misses the Net.
Goals for this period are 0 for CHICAGO vs 2 for TORONTO.
Shots for this period are 6 for CHICAGO vs 19 for TORONTO.

3rd period


0:01 of 3rd period - Tyler Bozak wins face-off versus Mark Scheifele in neutral zone.
0:01 of 3rd period - Tyler Bozak is hit by Brady Tkachuk.
0:06 of 3rd period - Michael Del Zotto is hit by Kevin Shattenkirk and loses puck.
0:10 of 3rd period - Cody Eakin is hit by Kevin Shattenkirk and loses puck.
0:16 of 3rd period - Minor Penalty to Kevin Shattenkirk for Tripping.
0:17 of 3rd period - Mark Scheifele wins face-off versus Frans Nielsen in TORONTO zone.
0:34 of 3rd period - Shot by Erik Haula.
0:34 of 3rd period - Stopped by Thomas Greiss with a rebound.
0:36 of 3rd period - Shot by Travis Dermott.
0:36 of 3rd period - Stopped by Thomas Greiss without a rebound.
0:37 of 3rd period - Tyler Bozak wins face-off versus Mark Scheifele in TORONTO zone.
0:42 of 3rd period - Shot by Cody Eakin.
0:42 of 3rd period - Shot Misses the Net.
1:09 of 3rd period - Cody Eakin is hit by Josh Morrissey and loses puck.
1:32 of 3rd period - Shot by Mark Pysyk.
1:32 of 3rd period - Shot Misses the Net.
1:42 of 3rd period - Shot by Travis Dermott.
1:42 of 3rd period - Stopped by Thomas Greiss without a rebound.
1:43 of 3rd period - Mark Scheifele wins face-off versus Frans Nielsen in TORONTO zone.
1:49 of 3rd period - Icing by Erik Haula.
1:50 of 3rd period - Frans Nielsen wins face-off versus Mark Scheifele in CHICAGO zone.
2:11 of 3rd period - Shot by Mark Pysyk.
2:11 of 3rd period - Stopped by Thomas Greiss without a rebound.
2:12 of 3rd period - Tyler Bozak wins face-off versus Mark Scheifele in TORONTO zone.
4:14 of 3rd period - Icing by Mark Scheifele.
4:15 of 3rd period - Cory Conacher wins face-off versus Mark Scheifele in TORONTO zone.
4:38 of 3rd period - Icing by Mark Scheifele.
4:39 of 3rd period - Brady Tkachuk wins face-off versus Frans Nielsen in TORONTO zone.
5:00 of 3rd period - Shot by Mark Scheifele.
5:00 of 3rd period - Stopped by James Reimer without a rebound.
5:01 of 3rd period - Kyle Turris wins face-off versus Brandon Sutter in CHICAGO zone.
5:01 of 3rd period - Kyle Turris is hit by Tucker Poolman.
5:33 of 3rd period - Shot by Tucker Poolman.
5:33 of 3rd period - Stopped by Thomas Greiss without a rebound.
5:34 of 3rd period - Joe Pavelski wins face-off versus Cody Eakin in TORONTO zone.
6:02 of 3rd period - Off-side.
6:03 of 3rd period - Frans Nielsen wins face-off versus Mark Scheifele in neutral zone.
6:28 of 3rd period - Shot by Brayden Point.
6:28 of 3rd period - Stopped by James Reimer without a rebound.
6:29 of 3rd period - Brandon Sutter wins face-off versus Kyle Turris in CHICAGO zone.
6:38 of 3rd period - Mikkel Boedker is hit by Oskar Lindblom and loses puck.
7:10 of 3rd period - Icing by Ethan Bear.
7:11 of 3rd period - Kyle Turris wins face-off versus Tyler Bozak in TORONTO zone.
7:11 of 3rd period - Kyle Turris is hit by Gustav Nyquist.
7:21 of 3rd period - Off-side.
7:22 of 3rd period - Frans Nielsen wins face-off versus Brady Tkachuk in neutral zone.
7:26 of 3rd period - Erik Haula is hit by Kevin Shattenkirk and loses puck.
7:55 of 3rd period - Shot by Erik Haula.
7:55 of 3rd period - Shot Misses the Net.
7:57 of 3rd period - Shot by Frans Nielsen.
7:57 of 3rd period - Shot Blocked by Brady Tkachuk.
7:59 of 3rd period - Shot by Tucker Poolman.
7:59 of 3rd period - Stopped by Thomas Greiss without a rebound.
8:00 of 3rd period - Joe Pavelski wins face-off versus Tyler Bozak in TORONTO zone.
8:10 of 3rd period - Icing by Ondrej Palat.
8:11 of 3rd period - Brandon Sutter wins face-off versus Joe Pavelski in TORONTO zone.
8:31 of 3rd period - Icing by Ondrej Palat.
8:32 of 3rd period - Joe Pavelski wins face-off versus Tyler Bozak in TORONTO zone.
8:39 of 3rd period - Gustav Nyquist is hit by Joe Pavelski and loses puck.
9:15 of 3rd period - Icing by Brady Tkachuk.
9:16 of 3rd period - Brady Tkachuk wins face-off versus Frans Nielsen in TORONTO zone.
10:30 of 3rd period - Shot by Kyle Turris.
10:30 of 3rd period - Shot Misses the Net.
10:32 of 3rd period - Shot by Oskar Lindblom.
10:32 of 3rd period - Stopped by James Reimer with a rebound.
11:29 of 3rd period - Shot by Gustav Nyquist.
11:29 of 3rd period - Stopped by Thomas Greiss without a rebound.
11:30 of 3rd period - Frans Nielsen wins face-off versus Ryan Reaves in TORONTO zone.
11:53 of 3rd period - Shot by Travis Dermott.
11:53 of 3rd period - Stopped by Thomas Greiss with a rebound.
11:57 of 3rd period - Shot by Frans Nielsen.
11:57 of 3rd period - Shot Misses the Net.
11:59 of 3rd period - Shot by Frans Nielsen.
11:59 of 3rd period - Shot Misses the Net.
12:01 of 3rd period - Shot by Frans Nielsen.
12:01 of 3rd period - Shot Misses the Net.
12:03 of 3rd period - Shot by Erik Haula.
12:03 of 3rd period - Shot Misses the Net.
12:10 of 3rd period - Off-side.
12:11 of 3rd period - Cory Conacher wins face-off versus Mark Scheifele in neutral zone.
12:43 of 3rd period - Icing by Mark Scheifele.
12:44 of 3rd period - Mark Scheifele wins face-off versus Tyler Bozak in TORONTO zone.
12:44 of 3rd period - Mark Scheifele is hit by Tyler Bozak.
12:51 of 3rd period - Off-side.
12:52 of 3rd period - Tyler Bozak wins face-off versus Joe Pavelski in neutral zone.
12:56 of 3rd period - Gustav Nyquist is hit by Jordie Benn and loses puck.
13:11 of 3rd period - Shot by Cody Eakin.
13:11 of 3rd period - Stopped by Thomas Greiss with a rebound.
13:14 of 3rd period - Minor Penalty to Trevor Daley for Delaying the game.
13:15 of 3rd period - Mark Scheifele wins face-off versus Frans Nielsen in TORONTO zone.
13:15 of 3rd period - Alex Pietrangelo is hit by Milan Lucic.
13:52 of 3rd period - Shot by Tyson Barrie.
13:52 of 3rd period - Stopped by Thomas Greiss without a rebound.
13:53 of 3rd period - Tyler Bozak wins face-off versus Mark Scheifele in TORONTO zone.
14:08 of 3rd period - Shot by Tyler Bozak.
14:08 of 3rd period - Shot Misses the Net.
14:10 of 3rd period - Shot by Travis Dermott.
14:10 of 3rd period - Stopped by Thomas Greiss without a rebound.
14:11 of 3rd period - Joe Pavelski wins face-off versus Tyler Bozak in TORONTO zone.
14:26 of 3rd period - Shot by Gustav Nyquist.
14:26 of 3rd period - Shot Blocked by Ethan Bear.
14:28 of 3rd period - Shot by Cody Eakin.
14:28 of 3rd period - Goal by Cody Eakin - CHICAGO : 2 - TORONTO : 2.
14:29 of 3rd period - Frans Nielsen wins face-off versus Joe Pavelski in neutral zone.
14:29 of 3rd period - Mark Pysyk is hit by Ondrej Palat and loses puck.
14:55 of 3rd period - Shot by Joe Pavelski.
14:55 of 3rd period - Stopped by James Reimer with a rebound.
15:06 of 3rd period - Ondrej Palat is hit by Mark Pysyk and loses puck.
15:29 of 3rd period - Icing by Travis Dermott.
15:30 of 3rd period - Jordan Martinook wins face-off versus Frans Nielsen in CHICAGO zone.
15:31 of 3rd period - Shot by Ryan Reaves.
15:31 of 3rd period - Shot Misses the Net.
15:37 of 3rd period - Shot by Ethan Bear.
15:37 of 3rd period - Stopped by James Reimer without a rebound.
15:38 of 3rd period - Tyler Bozak wins face-off versus Mark Scheifele in CHICAGO zone.
15:38 of 3rd period - Tyler Bozak is hit by Brady Tkachuk.
15:43 of 3rd period - Off-side.
15:44 of 3rd period - Mark Scheifele wins face-off versus Tyler Bozak in neutral zone.
15:55 of 3rd period - Icing by Tyson Barrie.
15:56 of 3rd period - Tyler Bozak wins face-off versus Kyle Turris in CHICAGO zone.
16:06 of 3rd period - Shot by Gustav Nyquist.
16:06 of 3rd period - Stopped by Thomas Greiss with a rebound.
16:08 of 3rd period - Shot by Michael Del Zotto.
16:08 of 3rd period - Shot Blocked by Alex Pietrangelo.
17:07 of 3rd period - Shot by Brayden Point.
17:07 of 3rd period - Stopped by James Reimer without a rebound.
17:08 of 3rd period - Joe Pavelski wins face-off versus Frans Nielsen in CHICAGO zone.
17:31 of 3rd period - Shot by Ondrej Palat.
17:31 of 3rd period - Shot Blocked by Mark Pysyk.
17:33 of 3rd period - Shot by Joe Pavelski.
17:33 of 3rd period - Goal by Joe Pavelski - CHICAGO : 2 - TORONTO : 3.
17:34 of 3rd period - Mark Scheifele wins face-off versus Dylan Sikura in neutral zone.
18:56 of 3rd period - Shot by Cody Eakin.
18:56 of 3rd period - Shot Misses the Net.
19:16 of 3rd period - CHICAGO, James Reimer is pulled from the net.
19:46 of 3rd period - Shot by Brayden Point.
19:46 of 3rd period - Shot Misses the Net.
Goals for this period are 1 for CHICAGO vs 1 for TORONTO.
Shots for this period are 13 for CHICAGO vs 7 for TORONTO.